cohdb
Replays
Latest Replays
All Replays
Popular Replays
Top Player Replays
Match Explorer
How It Works
Community
CoH3 Stats
Reddit
Sign in to upload your games and track your stats! →
Sign in with Steam
Match 47147575
Unlisted
Match 47147575
Overview
Messages
Build Orders
End
Kradschützen Motorcycle Team
Panzerpioneer Squad
Selects Italian Infantry
Panzergrenadier Squad
Kradschützen Motorcycle Team
Construct Light Support Kompanie
250 Light Carrier
Construct Mechanized Kompanie
MG34 Team
Support Armor Elements
Selects Guastatori Squad
Assault Mechanized Group
Guastatori Squad
Combat Half-tracks
Selects Defensive Operations
Selects L6/40 Light Tank Combat Group
Selects Territory Booby Traps
StuG III D Assault Gun
Advanced Field Repairs
2.5-tonne Medical Truck
Construct Panzerarmee Kommand
Armored Reserves
Selects Obice 305mm Barrage
Sgt. Grim
Beaufrightener
♔ FARZAD 𓄂𓆃 🇮 🇷
帅气的大都督
A_Smoove
Naegele
RexyMR
1360190655
0
0
Comments
sign in to comment!
No comments posted yet!